 Dungeon Crawl Stone Soup version bcrawl-1.27.6 (webtiles) character file.

Game seed: 4590075634947057904

481884 Faustar the Eclecticist (level 15, 0/103 HPs)
             Began as a Fairy Conjurer on Sept 25, 2020.
             Was a High Priest of Sif Muna.
             Slain by a four-headed hydra (15 damage)
             ... called by a spriggan druid
             ... on level 3 of the Swamp.
             The game lasted 01:40:06 (22792 turns).

Faustar the Eclecticist (Fairy Conjurer)           Turns: 22792, Time: 01:40:07

Health: 0/103      AC: 11    Str:  6    XL:     15   Next: 71%
Magic:  3/36       EV: 26    Int: 24    God:    Sif Muna [*****.]
Gold:   1842       SH:  8    Dex: 14    Spells: 6/45 levels left

rFire    x . .     SeeInvis .   a - staff of poison
rCold    + . .     Gourm    .   (shield currently unavailable)
rNeg     . . .     Faith    .   (armour unavailable)
rPois    +         Spirit   .   m - +1 helmet
rElec    .         Reflect  .   (no cloak)
rCorr    .         Harm     .   (no gloves)
MR       +....                  z - +0 pair of boots
Stlth    +.........             W - amulet of magic regeneration
HPRegen  0.27/turn              n - ring of wizardry
MPRegen  0.50/turn              O - ring of Limitation {Ice +Blink}

@: lethally poisoned (0 -> -1), flying evasively, divine energy
A: small, magic attunement, unstealthy, unfitting armour, able to fly, AC/SH +8
a: Stop Flying, Stop Divine Energy, Channel Magic, Forget Spell, Renounce
Religion, Evoke Blink


You were on level 3 of the Swamp.
You worshipped Sif Muna.
Sif Muna was extremely pleased with you.
You were not hungry.

You visited 4 branches of the dungeon, and saw 19 of its levels.
You also visited: Ossuary.

You collected 1842 gold pieces.

Inventory:

Armour
 m - a +1 helmet (worn)
 z - a +0 pair of boots (worn)
Magical Staves
 a - an uncursed staff of poison (weapon)
 d - an uncursed staff of earth
 q - an uncursed staff of conjuration
Jewellery
 n - a ring of wizardry (left hand)
 v - an uncursed ring of magical power
 x - the ring "Disahal" {Fire MR- Dex+3}
   (You found it in an ossuary)

   [ring of fire]

   It enhances your fire magic.
   It affects your dexterity (+3).
   It protects you from fire.
   It makes you vulnerable to cold.
   It affects your resistance to hostile enchantments.
 y - an uncursed ring of stealth
 F - a cursed ring of insulation
 J - an uncursed ring of positive energy
 M - an uncursed ring of see invisible
 O - the ring of Limitation (right hand) {Ice +Blink}
   (You found it on level 6 of the Lair of Beasts)

   [ring of ice]

   It enhances your ice magic.
   It makes you vulnerable to fire.
   It protects you from cold.
   It lets you blink.
 V - the ring "Jublux" {Fire Slay+3}
   (You found it on level 2 of the Lair of Beasts)

   [ring of fire]

   It enhances your fire magic.
   It affects your accuracy and damage with ranged weapons and melee attacks
   (+3).
   It protects you from fire.
   It makes you vulnerable to cold.
 W - an amulet of magic regeneration (around neck)
 Z - an uncursed ring of protection from cold
Wands
 h - a wand of random effects (7)
 o - a wand of acid (26)
 s - a wand of clouds (11)
 G - a wand of polymorph (68)
 H - a wand of flame (54)
 L - a wand of iceblast (5)
 N - a wand of scattershot (3)
 Q - a wand of enslavement (5)
 U - a wand of paralysis (11)
 Y - a wand of digging (10)
Scrolls
 c - 2 scrolls of silence
 g - 6 scrolls of amnesia
 i - 12 scrolls of teleportation
 k - 3 scrolls of identify
 t - a scroll of blinking
 B - 5 scrolls of enchant armour
 D - 5 scrolls of enchant weapon
 E - 4 scrolls of immolation
 P - 5 scrolls of remove curse
 T - a scroll of fog
 X - 3 scrolls of magic mapping
Potions
 b - a potion of haste
 f - 2 potions of invisibility
 j - 3 potions of might
 l - 3 potions of mutation
 p - 6 potions of curing
 r - 6 potions of lignification
 u - 5 potions of flight
 w - 2 potions of heal wounds
 A - a potion of cancellation
 C - 3 potions of agility
 K - 4 potions of brilliance
Miscellaneous
 R - a phial of floods
 S - a sack of spiders
Comestibles
 e - 45 rations {!d}


   Skills:
 - Level 10.0 Fighting
 - Level 13.0 Dodging
 - Level 1.5 Stealth
 - Level 15.8 Spellcasting
 - Level 15.0 Conjurations
 - Level 6.0 Hexes
 * Level 4.0 Necromancy
 - Level 10.0 Ice Magic
 - Level 10.0 Air Magic
 * Level 4.8 Earth Magic
 - Level 3.0 Poison Magic


You had 6 spell levels left.
You knew the following spells:

 Your Spells              Type           Power        Failure   Level  Hunger
a - Magic Dart            Conj           ####         0%          1    None
b - Searing Ray           Conj           ######..     0%          2    None
c - Fulminant Prism       Conj/Hex       ######....   1%          4    None
d - Mephitic Cloud        Conj/Pois/Air  #######.     1%          3    None
e - Confuse               Hex            #####...     1%          3    None
f - Tukima's Dance        Hex            #####...     1%          3    None
g - Airstrike             Air            ######....   1%          4    None
h - Freezing Cloud        Ice/Air        #######...   3%          6    None
i - Orb of Destruction    Conj           ######....   2%          7    None
j - Borgnjor's Vile Clut  Necr/Erth      #####.....   28%         6    None

Your spell library contained the following spells:

 Spells                   Type           Power        Failure   Level  Hunger
 Shock                    Conj/Air       #####        0%          1    None
 Iskenderun's Mystic Bla  Conj           ######..     0%          3    None
 Beastly Appendage        Tmut           ###...       1%          1    None
 Corona                   Hex            #####..      1%          1    None
 Sting                    Conj/Pois      ####         1%          1    None
 Summon Small Mammal      Summ           ###.         1%          1    None
 Call Imp                 Summ           ###...       1%          2    None
 Ensorcelled Hibernation  Hex/Ice        ######       1%          2    None
 Poisonous Vapours        Pois/Air       ######       1%          2    None
 Swiftness                Chrm/Air       #####...     1%          2    None
 Conjure Flame            Conj/Fire      ######..     1%          3    None
 Dazzling Orbs            Conj/Hex       ######.      1%          3    None
 False Image              Hex/Summ       ####....     1%          3    None
 Inner Flame              Hex/Fire       N/A          1%          3    None
 Ozocubu's Armour         Chrm/Ice       ######..     1%          3    None
 Static Discharge         Air            ######..     1%          3    None
 Cause Fear               Hex            #####.....   1%          4    None
 Throw Icicle             Conj/Ice       #######.     1%          4    None
 Bolt of Draining         Conj/Necr      ######....   1%          5    None
 Fireball                 Conj/Fire      ######....   1%          5    None
 Irradiate                Conj/Tmut      ######....   1%          5    None
 Iskenderun's Battlesphe  Conj/Chrm      ######..     1%          5    None
 Lightning Bolt           Conj/Air       ######....   1%          5    None
 Metabolic Englaciation   Hex/Ice        ######....   1%          5    None
 Silence                  Hex/Air        ######....   1%          5    None
 Venom Bolt               Conj/Pois      #######...   1%          5    None
 Bolt of Cold             Conj/Ice       #######...   1%          6    None
 Conjure Ball Lightning   Conj/Air       ######....   1%          6    None
 Tree Form                Hex/Tmut       N/A          3%          4    None
 Iron Shot                Conj/Erth      ######....   3%          6    None
 Ozocubu's Refrigeration  Ice            #######...   3%          6    None
 Poison Arrow             Conj/Pois      #######...   4%          6    None
 Simulacrum               Ice/Necr       ######....   11%         6    None
 Force Lance              Tloc           ###.....     12%         4    None
 Darkness                 Hex            #####.....   16%         6    None
 Aura of Abjuration       Summ           ###.......   32%         5    None
 Summon Forest            Summ/Tloc      ###.......   32%         5    None
 Infestation              Hex/Tmut/Pois  ######...    45%         6    None
 Death Channel            Chrm/Necr      ####......   58%         6    None
 Shadow Creatures         Summ           N/A          85%         6    None
 Steam Barrier            Chrm/Fire      ###.......   85%         6    None
 Icicle Burst             Conj/Ice       #######...   6%          7    None
 Chain Lightning          Conj/Air       ######....   41%         8    None
 Discord                  Hex            #####.....   99%         8    None
 Malign Gateway           Summ/Tloc      ###.......   100%        7    None
 Time Stop                Chrm/Tloc      N/A          100%        8    None
 Fire Storm               Conj/Fire      ######....   100%        9    None


Dungeon Overview and Level Annotations

Branches:
Dungeon (9/12)             Temple (1/1) D:6            Lair (6/6) D:9
  Swamp (3/3) Lair:2        Snake (0/3) Lair:4        Slime (0/5) Lair:5
    Orc (0/1) D:9

Altars:
Cheibriados
Dithmenos
Elyvilon
Gozag
Lugonu
Qazlal
Ru
Sif Muna
Uskayaw
Xom
Jiyva

Shops:
D:8 }   D:9 (

Annotations:
D:5 2 runed translucent doors, Faustar's ghost, amateur SDSA
Lair:2 1 runed translucent door, Banto's ghost, journeyman DgWn


Innate Abilities, Weirdness & Mutations

Your spells do not cause hunger and MP costs are reduced by 1.
Your bright wings attract enemies. (Stealth-)
You cannot fit into any form of body armour.
Your shimmering scales are hard and can block incoming attacks. (AC +8, SH +8)
You are small and have problems with some larger weapons.
You can fly continuously.


Message History

Confirm with . or Enter, or press ? or * to list all spells.
Aiming: Orb of Destruction (safe; 2% risk of failure)
Press: ? - help, Shift-Dir - straight line, f/p - swamp dragon
Aim: a swamp dragon (poison gas, water, heavily wounded, catching its breath) Sif Muna grants you divine energy.
You briefly lose access to your magic!
You feel sick. A tree reaches out and hits you!
The wavering orb of destruction hits the swamp dragon!!!
You blow up the swamp dragon!
Sif Muna accepts your kill.
Your Necromancy skill increases to level 4!
You feel sick.
The spriggan druid looks more healthy.
A root smacks you from below!!
You regain access to your magic.
You are waved at by a branch.
A swamp dragon comes into view.
A root smacks you from below!!
* * * LOW HITPOINT WARNING * * *
You feel sick. The four-headed hydra bites you!
You die...

≈.♣..).≈≈..≈≈≈≈.≈....♣ ♣♣♣..≈.
≈.♣♣♣♣♣♣♣♣♣....≈≈...♣♣♣♣♣♣♣...≈≈≈
≈≈.♣♣♣ ♣♣≈.≈♣≈......♣♣♣≈....≈≈≈≈≈
≈≈≈.§♣♣♣..≈..≈....≈≈.<.≈≈[..≈≈≈≈☼
≈≈≈.≈.♣.≈≈≈≈≈≈≈≈.≈≈≈≈≈≈≈≈.≈....<≈
≈≈≈≈≈.♣≈≈≈≈≈.≈≈≈≈≈≈≈≈≈...≈..≈...≈
≈≈≈≈.♣♣♣≈.≈≈≈≈≈≈≈≈≈≈≈≈..≈≈.≈...≈≈
.≈≈≈≈♣ ♣♣..≈≈≈≈≈≈≈≈≈≈...≈≈.≈≈.≈≈≈
≈≈≈≈≈♣♣♣...≈≈≈≈≈@.≈§.♣≈.≈≈≈..≈≈≈≈
♣≈≈♣♣.)..≈≈≈≈≈.§D..♣♣♣.≈≈≈..≈≈≈≈≈
♣♣♣♣♣...≈≈≈≈§.≈♣≈°♣♣ ♣≈≈≈≈≈..≈≈≈.
♣♣...≈≈≈..≈≈≈≈.≈..♣♣ ♣.≈≈≈≈......
♣...≈♣♣♣♣.≈≈≈≈≈..°.♣♣♣.≈≈≈≈≈....♣
♣♣♣♣♣≈♣♣♣♣♣..(♣i≈≈≈D≈♣......≈≈≈.♣
♣...♣♣♣♣≈♣.≈≈≈≈≈.D♣≈....≈≈≈≈.
♣.≈≈.♣ ♣♣♣♣≈§≈≈≈.♣♣≈.≈≈≈≈≈≈≈.
♣<≈≈≈♣ ♣♣≈≈≈≈.♣♣♣.....≈≈≈.


You could see a four-headed hydra, a swamp dragon and a spriggan druid.

Vanquished Creatures
  A thorn hunter (Swamp:3)
  2 green draconians (Swamp:2)
  Snorg (Lair:4)
  9 hydras
  3 catoblepae (Lair:6)
  2 ghost crabs
  A shambling mangrove (Swamp:2)
  11 alligators
  A death knight (D:9)
  7 death yaks (Lair:6)
  2 goliath frogs
  A spriggan druid (Swamp:1)
  8 swamp dragons
  4 oklob plants (Lair:6)
  2 wolf spiders
  10 slime creatures
  A deep elf mage (D:7)
  16 elephants
  2 manticores (Lair:6)
  4 black mambas
  11 cane toads
  A rust devil (Swamp:2)
  A centaur skeleton (D:9)
  2 rime drakes (Lair:5)
  2 kobold demonologists (D:9)
  4 komodo dragons
  An ice devil (Swamp:2)
  A queen bee (D:8)
  3 trolls
  5 tyrant leeches
  Prince Ribbit (D:6)
  3 polar bears
  30 blink frogs
  9 hornets
  7 hippogriffs
  4 bog bodies
  A dream sheep (Lair:6)
  5 spriggans
  A wyvern (D:9)
  2 basilisks
  29 yaks
  2 hungry ghosts
  A dancing weapon (D:8)
  4 fire bats (Lair:4)
  10 vampire mosquitoes (Swamp:2)
  9 swamp worms
  Edmund (D:6)
  A naga (Lair:4)
  8 crocodiles
  2 acid dragons (D:9)
  9 porcupines
  7 water moccasins
  6 orc warriors
  Duvessa (D:6)
  An ice beast (D:5)
  9 swamp drakes
  2 black bears (Lair:4)
  A sky beast (D:6)
  A phantom (D:8)
  A boggart (Swamp:3)
  6 ogres
  22 wolves
  A centaur (D:7)
  5 big kobolds
  3 bullfrogs
  Blork the orc (D:4)
  2 elf zombies (D:5)
  3 elf skeletons (D:5)
  9 scorpions
  Dowan (D:6)
  20 killer bees
  6 howler monkeys
  7 wights
  A crimson imp (D:5)
  4 centaur zombies
  2 lava snakes
  A jelly (D:6)
  10 orc wizards
  4 hounds
  2 bullfrog skeletons
  A human zombie (D:5)
  7 orc priests
  3 human skeletons (D:5)
  5 iguanas
  6 worker ants
  2 hell rats (Lair:6)
  A killer bee zombie (D:4)
  A big kobold zombie (Ossuary)
  2 mummies (Ossuary)
  A hound skeleton (D:5)
  A howler monkey zombie (D:9)
  8 adders
  9 river rats (Lair:6)
  4 scorpion zombies (Ossuary)
  2 shadow imps
  An adder skeleton (D:4)
  4 worms
  3 dart slugs
  4 leopard geckos
  38 orcs
  4 giant cockroaches
  4 goblins (D:1)
  A hobgoblin (D:3)
  8 jackals
  15 kobolds
  2 quokkas
  3 bats
  4 frilled lizards
  4 gnoll zombies (Ossuary)
  2 hobgoblin zombies (Ossuary)
  2 kobold zombies (Ossuary)
  2 orc skeletons (D:5)
  An orc zombie (Ossuary)
  3 rats
  3 fungi (Lair:6)
  11 plants
569 creatures vanquished.

Vanquished Creatures (collateral kills)
  A killer bee (D:7)
1 creature vanquished.

Vanquished Creatures (others)
  A centaur zombie (Ossuary)
  A mummy (Ossuary)
  A fire vortex (Lair:4)
  57 fulminant prisms
  21 fungi
  19 plants
  2 withered plants (Lair:2)
102 creatures vanquished.

Grand Total: 672 creatures vanquished

Notes
Turn   | Place    | Note
-------+----------+-------------------------------------------
     0 | D:1      | Faustar the Fairy Conjurer began the quest for the Orb.
     0 | D:1      | Reached XP level 1. HP: 11/11 MP: 6/6
    48 | D:1      | Reached skill level 5 in Conjurations
    56 | D:1      | Reached XP level 2. HP: 17/17 MP: 8/8
   291 | D:1      | Learned a level 2 spell: Searing Ray
   481 | D:1      | Reached XP level 3. HP: 21/21 MP: 10/10
  1353 | D:3      | Reached XP level 4. HP: 14/27 MP: 6/12
  1548 | D:3      | Reached XP level 5. HP: 31/31 MP: 12/14
  1624 | D:3      | Learned a level 4 spell: Fulminant Prism
  1626 | D:3      | Found an opulent altar of Gozag.
  1788 | D:3      | Reached skill level 5 in Spellcasting
  2018 | D:3      | Found a shadowy altar of Dithmenos.
  2381 | D:4      | Reached XP level 6. HP: 29/36 MP: 8/16
  2510 | D:4      | Found a shimmering blue altar of Sif Muna.
  2513 | D:4      | Found a white marble altar of Elyvilon.
  2629 | D:4      | Became a worshipper of Sif Muna the Loreminder
  2784 | D:4      | Noticed Blork the orc
  2800 | D:4      | Killed Blork the orc
  3118 | D:5      | Entered Level 5 of the Dungeon
  3149 | D:5      | Reached XP level 7. HP: 25/41 MP: 5/18
  3155 | D:5      | Reached * piety under Sif Muna
  3155 | D:5      | Received a gift from Sif Muna
  3164 | D:5      | Learned a level 3 spell: Mephitic Cloud
  3415 | D:5      | Reached skill level 1 in Hexes
  3422 | D:5      | Reached skill level 1 in Air Magic
  3422 | D:5      | Reached skill level 1 in Poison Magic
  3499 | D:5      | Found a snail-covered altar of Cheibriados.
  3556 | D:5      | Found a large runed translucent door.
  3556 | D:5      | Found a large runed translucent door.
  3559 | D:5      | Noticed Faustar's ghost (amateur SDSA)
  3745 | D:5      | Reached XP level 8. HP: 34/46 MP: 2/20
  3829 | D:5      | Found a sand-covered staircase.
  3840 | Ossuary  | Entered an ossuary
  4146 | Ossuary  | Got a slimy copper ring
  4152 | Ossuary  | Got a translucent lapis lazuli ring
  4153 | Ossuary  | Identified the ring "Disahal" {Fire MR- Dex+3} (You found
                  | it in an ossuary)
  4154 | Ossuary  | Identified the cursed ring "Moshos Ypergh" {Int-3 Dex+6
                  | Stlth--} (You found it in an ossuary)
  4689 | D:5      | Found a stormy altar of Qazlal.
  4787 | D:6      | Reached ** piety under Sif Muna
  4793 | D:6      | Reached XP level 9. HP: 50/51 MP: 12/23
  4853 | D:6      | Noticed Edmund
  4871 | D:6      | Killed Edmund
  4936 | D:6      | Reached skill level 10 in Conjurations
  5028 | D:6      | Noticed Dowan
  5033 | D:6      | Killed Dowan
  5036 | D:6      | Noticed Duvessa
  5045 | D:6      | Killed Duvessa
  5095 | D:6      | Found a staircase to the Ecumenical Temple.
  5115 | Temple   | Entered the Ecumenical Temple
  5263 | D:6      | Reached *** piety under Sif Muna
  5317 | D:6      | Found a hide-covered altar of Uskayaw.
  5437 | D:6      | Noticed Prince Ribbit
  5448 | D:6      | Killed Prince Ribbit
  5448 | D:6      | Received a gift from Sif Muna
  5448 | D:6      | Reached skill level 10 in Spellcasting
  5459 | D:6      | Learned a level 3 spell: Confuse
  5463 | D:6      | Learned a level 3 spell: Tukima's Dance
  5703 | D:6      | Noticed a troll
  5712 | D:6      | Killed a troll
  6264 | D:7      | Reached XP level 10. HP: 46/56 MP: 13/27
  6306 | D:7      | Noticed a deep elf mage
  6312 | D:7      | Killed a deep elf mage
  6740 | D:7      | Identified Sif Muna's Guide on Burning Combat Magic (Sif
                  | Muna gifted it to you on level 7 of the Dungeon)
  6740 | D:7      | Received a gift from Sif Muna
  6818 | D:7      | Found a corrupted altar of Lugonu.
  7643 | D:8      | Reached **** piety under Sif Muna
  7794 | D:8      | Reached XP level 11. HP: 56/61 MP: 6/29
  7935 | D:8      | Found Rodwopu's Gadget Shop.
  8060 | D:8      | Got a faintly glowing flail
  8072 | D:8      | Found a sacrificial altar of Ru.
  8461 | D:9      | Found Ilasaun's Antique Weapon Shoppe.
  8558 | D:9      | Noticed a death knight
  8577 | D:9      | Killed a death knight
  8577 | D:9      | Identified Sif Muna's Disquisition on Mutagenic Good Luck
                  | (Sif Muna gifted it to you on level 9 of the Dungeon)
  8577 | D:9      | Received a gift from Sif Muna
  9092 | D:9      | Learned a level 4 spell: Airstrike
  9371 | D:9      | Reached skill level 5 in Air Magic
  9442 | D:9      | Found a staircase to the Lair.
  9723 | D:9      | Found a staircase to the Orcish Mines.
  9883 | Lair:1   | Entered Level 1 of the Lair of Beasts
  9893 | Lair:1   | Got a smouldering falchion
 10171 | Lair:1   | Reached skill level 15 in Conjurations
 10181 | Lair:1   | Learned a level 6 spell: Freezing Cloud
 10200 | Lair:1   | Identified Sif Muna's Incunabulum of Creative Confrontation
                  | (Sif Muna gifted it to you on level 1 of the Lair of
                  | Beasts)
 10200 | Lair:1   | Received a gift from Sif Muna
 10204 | Lair:1   | Reached skill level 1 in Ice Magic
 10213 | Lair:1   | Learned a level 7 spell: Orb of Destruction
 10878 | Lair:1   | Reached XP level 12. HP: 66/66 MP: 28/31
 11232 | Lair:2   | Reached ***** piety under Sif Muna
 11235 | Lair:2   | Reached skill level 5 in Ice Magic
 11368 | Lair:2   | Found a runed translucent door.
 11368 | Lair:2   | Noticed Banto's ghost (journeyman DgWn)
 11612 | Lair:2   | Got a slimy amber ring
 11978 | Lair:2   | Found a staircase to the Swamp.
 12218 | Lair:3   | Noticed a four-headed hydra
 12223 | Lair:3   | Killed a four-headed hydra
 12412 | Lair:3   | Identified Iskenderun's Grimoire of Conjuration and the
                  | Frostbite (Sif Muna gifted it to you on level 3 of the Lair
                  | of Beasts)
 12412 | Lair:3   | Received a gift from Sif Muna
 12857 | Lair:3   | Noticed a four-headed hydra
 12864 | Lair:3   | Killed a four-headed hydra
 12864 | Lair:3   | Reached skill level 10 in Air Magic
 13284 | Lair:4   | Noticed an eight-headed hydra
 13289 | Lair:4   | Killed an eight-headed hydra
 13355 | Lair:4   | Reached skill level 10 in Ice Magic
 13563 | Lair:4   | Reached XP level 13. HP: 71/71 MP: 6/32
 13569 | Lair:4   | Identified Zuachumuck's Grimoire of Orientation and
                  | Lightness (Sif Muna gifted it to you on level 4 of the Lair
                  | of Beasts)
 13569 | Lair:4   | Received a gift from Sif Muna
 13569 | Lair:4   | Reached skill level 5 in Hexes
 13769 | Lair:4   | Reached skill level 1 in Fighting
 14023 | Lair:4   | Found a staircase to the Snake Pit.
 14027 | Lair:4   | Noticed Snorg
 14033 | Lair:4   | Killed Snorg
 14777 | Lair:5   | Reached skill level 5 in Fighting
 15044 | Lair:5   | Reached skill level 5 in Dodging
 15210 | Lair:5   | Found a staircase to the Slime Pits.
 15210 | Lair:5   | Found a viscous altar of Jiyva.
 15830 | Lair:6   | Entered Level 6 of the Lair of Beasts
 16322 | Lair:6   | Identified Hizibux's Incunabulum of Creative Air
 16347 | Lair:6   | Identified the ring "Jublux" {Fire Slay+3} (You found it on
                  | level 2 of the Lair of Beasts)
 16350 | Lair:6   | Identified the ring of Limitation {Ice +Blink} (You found
                  | it on level 6 of the Lair of Beasts)
 16352 | Lair:6   | Identified the +6 flail of Ypluif {vamp, Fragile rN+++
                  | Str+2} (You found it on level 8 of the Dungeon)
 16353 | Lair:6   | Identified the +4 falchion "Oseppis" {drain, rPois rN++ MR-
                  | Dex-5} (You found it on level 1 of the Lair of Beasts)
 16478 | Lair:6   | Reached XP level 14. HP: 75/92 MP: 25/33
 17211 | Lair:6   | Reached skill level 10 in Dodging
 18252 | Swamp:1  | Entered Level 1 of the Swamp
 18730 | Swamp:1  | HP: 1/98 [spriggan druid/stone arrow (49)]
 19181 | Swamp:1  | Reached skill level 10 in Fighting
 19586 | Swamp:2  | Identified Sif Muna's Catalogue of Dislocation and
                  | Enchantment (Sif Muna gifted it to you on level 2 of the
                  | Swamp)
 19586 | Swamp:2  | Received a gift from Sif Muna
 19726 | Swamp:2  | Reached XP level 15. HP: 103/103 MP: 7/34
 20310 | Swamp:2  | Reached skill level 15 in Spellcasting
 20671 | Swamp:2  | Got a translucent mace
 20672 | Swamp:2  | Identified the +8 mace "Vepnetor" {elec, MR+ MP+9} (You
                  | found it on level 2 of the Swamp)
 20695 | Swamp:2  | Received a gift from Sif Muna
 20705 | Swamp:2  | Learned a level 6 spell: Borgnjor's Vile Clutch
 20738 | Swamp:2  | Got a shimmering buckler
 21255 | D:3      | Identified the +4 buckler of the Wicked Wumpus {+Fly rF+
                  | MR- Slay+4} (You found it on level 2 of the Swamp)
 21830 | Swamp:3  | Entered Level 3 of the Swamp
 21940 | Swamp:3  | Reached skill level 1 in Earth Magic
 21946 | Swamp:3  | Reached skill level 1 in Necromancy
 21964 | Swamp:3  | Noticed a thorn hunter
 21981 | Swamp:3  | Killed a thorn hunter
 22792 | Swamp:3  | Slain by a four-headed hydra

Skill      XL: |  1  2  3  4  5  6  7  8  9 10 11 12 13 14 15 |
---------------+----------------------------------------------+-----
Spellcasting   | 3 4 5 6 8 11 12 13 15 | 15.8
Conjurations   | 5 6 7 8 9 11 13 15 | 15.0
Hexes          | 3 4 6 |  6.0
Air Magic      | 2 3 7 10 | 10.0
Poison Magic   | 2 3 |  3.0
Ice Magic      | 3 10 | 10.0
Fighting       | 7 10 | 10.0
Dodging        | 8 13 | 13.0
Earth Magic    | 4 |  4.8
Necromancy     | 4 |  4.0
Stealth        | |  1.5

Action                   |  1- 3 |  4- 6 |  7- 9 | 10-12 | 13-15 || total
-------------------------+-------+-------+-------+-------+-------++-------
Melee: Dagger            |     7 |    22 |   119 |    48 |    61 ||   257
       Unarmed           |     2 |       |       |       |       ||     2
       Staff             |       |       |       |       |    37 ||    37
 Cast: Magic Dart        |    50 |    40 |    36 |   121 |    18 ||   265
       Searing Ray       |     3 |    15 |    48 |    85 |    27 ||   178
       Fulminant Prism   |       |       |     9 |    46 |     2 ||    57
       Confuse           |       |       |     2 |    17 |    17 ||    36
       Mephitic Cloud    |       |       |     1 |    16 |     2 ||    19
       Tukima's Dance    |       |       |     1 |     1 |       ||     2
       Airstrike         |       |       |       |     7 |    12 ||    19
       Orb of Destructio |       |       |       |     7 |   161 ||   168
       Freezing Cloud    |       |       |       |    31 |   136 ||   167
Invok: Divine Energy     |       |       |       |     1 |       ||     1
Evoke: Wand              |       |       |       |       |     1 ||     1
  Use: Scroll            |       |     4 |     5 |     2 |    20 ||    31
       Potion            |       |       |     1 |       |     5 ||     6
 Stab: Distracted        |       |       |     1 |       |       ||     1
       Confused          |       |       |       |     1 |       ||     1
  Eat: Chunk             |     2 |     5 |    10 |    33 |    24 ||    74
       Ration            |       |       |     2 |       |     4 ||     6
Armor: Skin              |     4 |    12 |    27 |    42 |    35 ||   120
Dodge: Dodged            |    11 |    44 |   102 |   187 |   216 ||   560
Block: Other             |     2 |    16 |    46 |    82 |    77 ||   223
